 Dungeon Crawl Stone Soup version 0.24.1-14-gf8d2b509d9 (webtiles) character file.

Game seed: 9451948321308195043, levelgen mode: deterministic

81 DrNumbo the Ruffian (level 4, -4/44 HPs)
             Began as a Troll Berserker on Jan 29, 2022.
             Was an Initiate of Nemelex Xobeh.
             Slain by a polar bear (7 damage)
             ... created by the rage of Trog
             ... on level 2 of the Dungeon.
             The game lasted 00:25:10 (1385 turns).

DrNumbo the Ruffian (Troll Berserker)               Turns: 1385, Time: 00:25:11

Health: -4/44      AC:  7    Str: 26    XL:     4   Next: 20%
Magic:  3/3        EV: 10    Int:  3    God:    Nemelex Xobeh [......]
Gold:   125        SH:  0    Dex:  9    Spells: 3/3 levels left

rFire    . . .     SeeInvis .     - Unarmed
rCold    . . .     Gourm    +   (no shield)
rNeg     . . .     Faith    .   a - +1 animal skin
rPois    .         Spirit   .   (helmet restricted)
rElec    .         Reflect  .   b - scarf {cloud immunity}
rCorr    .         Harm     .   (gloves unavailable)
MR       .....                  (boots unavailable)
Stlth    +.........             (no amulet)
HPRegen  0.54/turn              (no ring)
MPRegen  0.08/turn              (no ring)

@: slowed, very slow
A: large, unfitting armour, claws 3, fast metabolism 3, gourmand, regeneration
1, shaggy fur 1, tough skin 3
a: Draw Escape, Draw Destruction, Draw Summoning, Renounce Religion


You were on level 2 of the Dungeon.
You worshipped Nemelex Xobeh.
Nemelex Xobeh was noncommittal.
You were not hungry.

You visited 1 branch of the dungeon, and saw 2 of its levels.

You collected 125 gold pieces.

Inventory:

Hand Weapons
 e - a +0 club
 f - a +0 dagger
 g - a +0 dagger
 k - a +0 short sword
Missiles
 j - 28 arrows
 l - 4 large rocks (quivered)
 m - 17 bolts
 u - 37 stones
Armour
 a - a +1 animal skin (worn)
 b - a scarf of cloud immunity (worn)
 h - a +0 leather armour
 i - a +0 ring mail {i}
 o - a +0 cloak
 t - a +0 robe
Scrolls
 c - a scroll of identify
 r - a scroll of teleportation {unknown}
 s - a scroll of blinking {unknown}
Potions
 d - 2 potions of curing
 n - a potion of degeneration {unknown}
 q - a potion of lignification {unknown}
Comestibles
 p - a ration


   Skills:
 + Level 2.9 Fighting
 + Level 3.0 Dodging
 + Level 4.1 Unarmed Combat


You had 3 spell levels left.
You didn't know any spells.
Your spell library was empty.

Dungeon Overview and Level Annotations

Branches:
Dungeon (2/15)

Altars:
Gozag
Nemelex Xobeh


Innate Abilities, Weirdness & Mutations

You are too large for most types of armour.
You have claws for hands.
Your metabolism is lightning-fast.
You like to eat raw meat.
Your natural rate of healing is unusually fast.
You are covered in fur. (AC +1)
You have extremely tough skin. (AC +3)


Message History

The polar bear claws you but does no damage.
The polar bear closely misses you. The polar bear claws you. x2
The polar bear bites you but does no damage.
The polar bear claws you.
The polar bear claws you but does no damage.
The polar bear closely misses you. The polar bear claws you.
* * * LOW HITPOINT WARNING * * *
The polar bear claws you but does no damage.
You draw a card...
You have drawn Velocity.
Nothing appears to happen.
The deck of cards glows slightly and disappears.
The polar bear bites you but does no damage.
The polar bear claws you but does no damage. x2
The polar bear bites you!
* * * LOW HITPOINT WARNING * * *
The polar bear closely misses you.
The polar bear claws you but does no damage.
The polar bear closely misses you. The polar bear barely misses you.
The polar bear claws you!
You die...
Your body disappears without a glow.

### #.. ###########.###########
#....h@hh.....†.......# #####
#....h####...†#...##..# ##...##
#...### #.)..#...# #.#
##.....###..#######..†.##..###.#
#.......##..##........###......#
#.<.....##.###....#...# ##..[..#
##.......##.# #....#...# ###...#
#........[#.# #...##..## ####.#
.........##.###.####..#
####....#


You could see 4 polar bears.

Vanquished Creatures
  3 adders (D:2)
  2 worms (D:2)
  3 dart slugs
  2 leopard geckos (D:2)
  A giant cockroach (D:2)
  3 goblins
  10 hobgoblins
  6 bats
  5 frilled lizards
  3 kobolds (D:2)
  6 rats
44 creatures vanquished.

Notes
Turn   | Place    | Note
-------+----------+-------------------------------------------
     0 | D:1      | DrNumbo the Troll Berserker began the quest for the Orb.
     0 | D:1      | Reached XP level 1. HP: 22/22 MP: 0/0
   720 | D:1      | Reached XP level 2. HP: 25/29 MP: 1/1
   828 | D:1      | You fall into a shaft and drop 1 floor!
   860 | D:2      | Reached XP level 3. HP: 17/36 MP: 2/2
  1119 | D:2      | Found a sparkling altar of Nemelex Xobeh.
  1120 | D:2      | Found an opulent altar of Gozag.
  1167 | D:2      | Fell from the grace of Trog
  1167 | D:2      | Became a worshipper of Nemelex Xobeh the Trickster
  1276 | D:2      | Reached XP level 4. HP: 44/44 MP: 3/3
  1286 | D:2      | Received a gift from Nemelex Xobeh
  1321 | D:2      | Reached skill level 4 in Unarmed Combat
  1383 | D:2      | Noticed a polar bear
  1383 | D:2      | Noticed a polar bear
  1383 | D:2      | Noticed a polar bear
  1383 | D:2      | Noticed a polar bear
  1385 | D:2      | Slain by a polar bear

Levels and vault maps discovered:
D:1:      minmay_arrival_plants_in_alcoves, layout_basic, serial_bayou_lake_a
D:2:      minmay_recursive_quarters, layout_rooms,
          grunt_temple_overflow_opulence, marbit_many_paths, minivault_27

Skill      XL: |  1  2  3  4 |
---------------+-------------+-----
Dodging        | 3 |  3.0
Unarmed Combat | 4 |  4.1
Fighting       | |  2.9

Action                   |  1- 3 |  4- 6 || total
-------------------------+-------+-------++-------
Melee: Unarmed           |    70 |    15 ||    85
       Punch             |     2 |       ||     2
       Club              |     6 |       ||     6
Invok: Berserk           |     3 |       ||     3
 Abil: Draw Escape       |       |     1 ||     1
       Draw Destruction  |       |     1 ||     1
  Use: Scroll            |     3 |       ||     3
       Potion            |     1 |     1 ||     2
  Eat: Chunk             |     6 |       ||     6
       Ration            |     2 |       ||     2
Armor: Animal skin       |    23 |    15 ||    38
Dodge: Dodged            |    50 |    13 ||    63
